 Dungeon Crawl Stone Soup version 0.19.4-9-g45fd643 (webtiles) character file.

268 gunter the Slasher (level 6, 0/53 HPs)
             Began as a Hill Orc Monk on Feb 16, 2017.
             Succumbed to a goblin's poison
             ... on level 2 of the Dungeon.
             The game lasted 00:07:05 (2289 turns).

gunter the Slasher (Hill Orc Monk)                  Turns: 2289, Time: 00:07:06

Health: 0/53       AC:  6    Str: 16    XL:     6   Next: 21%
Magic:  6/6        EV: 10    Int: 10    God:
Gold:   62         SH:  0    Dex: 13    Spells: 0 memorised, 5 levels left

rFire  . . .     SeeInvis .     j - +0 long sword
rCold  . . .     Gourm    .     e - +0 scale mail
rNeg   . . .     Faith    .     (no shield)
rPois  .         Spirit   .     (no helmet)
rElec  .         Reflect  .     (no cloak)
rCorr  .         Harm     .     (no gloves)
MR     .....                    (no boots)
Stlth  ..........               (no amulet)
                                (no ring)
                                (no ring)

@: lethally poisoned (0 -> -5)
A: no striking features
a: no special abilities


You were on level 2 of the Dungeon.
You were not hungry.

You visited 1 branch of the dungeon, and saw 3 of its levels.

You collected 62 gold pieces.

Inventory:

Hand Weapons
 j - a +0 long sword (weapon)
Missiles
 f - 23 sling bullets
Armour
 e - a +0 scale mail (worn)
Jewellery
 g - an uncursed ring of wizardry {unknown}
Scrolls
 b - a scroll of noise {unknown}
 h - 2 scrolls of remove curse {unknown}
 k - a scroll of magic mapping {unknown}
 l - 2 scrolls of random uselessness {unknown}
Potions
 c - a potion of brilliance {unknown}
 d - 2 potions of might {unknown}
Comestibles
 a - 3 chunks of flesh
 i - a beef jerky


   Skills:
 + Level 4.7 Fighting
 + Level 5.1 Long Blades
 + Level 3.4 Armour
 + Level 2.9 Dodging
 + Level 1.7 Stealth


You had 5 spell levels left.
You didn't know any spells.

Dungeon Overview and Level Annotations

Branches:
Dungeon (3/15)

Altars:
Cheibriados
Vehumet

Annotations:
D:3 Robin


Message History

* * * LOW HITPOINT WARNING * * *
You feel sick.
* * * LOW HITPOINT WARNING * * *
You feel sick.
* * * LOW HITPOINT WARNING * * *
You feel sick.
* * * LOW HITPOINT WARNING * * *
You feel sick.
* * * LOW HITPOINT WARNING * * *
You feel sick.
* * * LOW HITPOINT WARNING * * *
You feel sick.
There is a stone staircase leading up here.
The goblin hits you but does no damage.
You climb upwards.
* * * LOW HITPOINT WARNING * * *
You feel sick.
There is a stone staircase leading down here.
You closely miss the goblin.
You die...

######.##############.#.#
.......# #.............#
.#####.# ##.#########...#
.#.).#.###...########...#
.#.#....................#
.._..#..##.<.#########..#
.#.#....###.## #######..#
##...##.# #.# #.g......#
#######.# #.####@#####.##
# #.# #..........#.# #
#.# #..........#.# # #.#
#..........#.# # #.#
#..........#(# # #.#
#......†.....# # #.#
##.........###
#.####.........#
#..............#


You could see a goblin.

Vanquished Creatures
  Sigmund (D:2)
  Terence (D:3)
  4 adders (D:2)
  An ooze (D:1)
  A worm (D:1)
  A dart slug (D:2)
  An orc (D:3)
  A ball python (D:1)
  6 bats
  2 giant cockroaches (D:1)
  3 goblins
  5 hobgoblins
  7 kobolds
  2 quokkas
  5 rats
41 creatures vanquished.

Notes
Turn   | Place    | Note
-------+----------+-------------------------------------------
     0 | D:1      | gunter the Hill Orc Monk began the quest for the Orb.
     0 | D:1      | Reached XP level 1. HP: 19/19 MP: 1/1
   219 | D:1      | Reached XP level 2. HP: 27/27 MP: 2/2
   770 | D:1      | Reached XP level 3. HP: 32/33 MP: 3/3
  1225 | D:2      | Found a radiant altar of Vehumet.
  1399 | D:2      | Noticed Sigmund
  1420 | D:2      | Reached skill level 4 in Long Blades
  1445 | D:2      | Killed Sigmund
  1445 | D:2      | Reached skill level 5 in Long Blades
  1445 | D:2      | Reached XP level 4. HP: 14/41 MP: 4/4
  1445 | D:2      | Reached XP level 5. HP: 16/47 MP: 5/5
  1697 | D:2      | Reached XP level 6. HP: 39/53 MP: 6/6
  1902 | D:2      | Found a snail-covered altar of Cheibriados.
  2257 | D:3      | Noticed Terence
  2263 | D:3      | Noticed Robin
  2264 | D:3      | Killed Terence
  2286 | D:3      | HP: 2/53 [poisoned by a goblin]
  2289 | D:2      | Succumbed to a goblin's poison

Skill      XL: |  1  2  3  4  5 |
---------------+----------------+-----
Fighting       | 4 |  4.7
Long Blades    | 5 |  5.1
Armour         | 2 3 |  3.4
Dodging        | |  2.9
Stealth        | |  1.7

Action                   |  1- 3 |  4- 6 || total
-------------------------+-------+-------++-------
Melee: Falchion          |   160 |    25 ||   185
       Long sword        |       |    23 ||    23
 Stab: Sleeping          |     1 |       ||     1
  Eat: Bread ration      |     1 |       ||     1
Armor: Robe              |     4 |       ||     4
       Scale mail        |    49 |    20 ||    69
Dodge: Dodged            |    89 |    27 ||   116
       Rpst.: Falchion   |    36 |     4 ||    40
       Long sword        |       |     6 ||     6
